Map: Submarine LE

Players

daoklyn - Winner!

  • Race: Protoss Protoss
  • League: Diamond
  • Spawn Location: 11:00

FrameSticker

  • Race: Protoss Protoss
  • League: Diamond
  • Spawn Location: 5:00

VOD

Have the link to the VOD?

Description

Time

  • Played on: June 22, 2020, 3:20 p.m.
  • Length: 8:15
Show
View Real Time Build Order
Export as new Build Order

daoklyn Protoss - Winner!

Build Orders:  

Get SALT Encoding   

  12  0:01  Probe  
  13  0:13  Probe  
  14  0:19  Pylon  
  14  0:25  Probe  
  15  0:37  Probe  
  15  0:38  Gateway  
  16  0:45  Probe  
  17  0:55  Probe  
  17  0:59  Assimilator  
  17  1:03  Probe  
  18  1:11  Probe  
  19  1:17  Assimilator  
  20  1:22  Gateway, Probe  
  21  1:30  Cybernetics Core  
  21  1:35  Probe  
  22  1:46  Pylon  
  22  1:49  Pylon  
  22  1:52  Probe  
  23  2:08  Robotics Facility  
  23  2:14  Stalker  
  25  2:17  Stalker  
  25  2:22  Warp Gate  
  27  2:44  Stalker  
  27  2:45  Immortal  
  33  3:01  Stalker  
  35  3:09  Shield Battery  
  35  3:16  Warp Prism  
  36  3:37  Pylon  
  36  3:40  Probe  
  37  3:57  Immortal  
  41  4:11  Sentry x2  
  45  4:17  Probe  
  46  4:29  Probe  
  47  4:36  Nexus  
  47  4:44  Pylon  
  47  5:03  Observer, Probe  
  49  5:07  Sentry  
  49  5:08  Sentry  
  53  5:15  Probe  
  54  5:24  Observer  
  55  5:37  Pylon  
  55  5:41  Gateway  
  55  5:42  Gateway  
  55  5:43  Gateway  
  55  5:47  Probe  
  56  5:59  Probe  
  56  6:00  Probe  
  56  6:02  Sentry x2  
  62  6:11  Probe  
  63  6:12  Probe  
  63  6:17  Pylon  
  64  6:23  Probe  
  64  6:24  Probe  
  64  6:25  Shield Battery  
  66  6:26  Shield Battery  
  66  6:33  Observer  
  66  6:35  Probe  
  66  6:39  Zealot x4  
  76  6:41  Sentry  
  78  6:48  Probe x2  
  78  6:53  Pylon  
  80  6:55  Assimilator  
  80  7:01  Probe x2  
  82  7:13  Stalker x4  
  84  7:20  Probe x2  
  86  7:25  Forge  
  86  7:29  Twilight Council  
  86  7:37  Zealot  
  86  7:38  Zealot x2  
  92  7:46  Pylon  
  92  7:49  Pylon  
Show
View Real Time Build Order
Export as new Build Order

FrameSticker Protoss 

Build Orders: Phoenix Opening 

Get SALT Encoding   

  12  0:00  Probe  
  13  0:13  Probe  
  14  0:17  Pylon  
  14  0:23  Probe  
  15  0:31  Probe  
  16  0:39  Gateway, Probe  
  16  0:49  Assimilator  
  17  0:51  Probe  
  18  0:57  Assimilator  
  18  1:00  Probe  
  19  1:08  Probe  
  19  1:16  Gateway  
  19  1:17  Probe  
  21  1:30  Cybernetics Core  
  21  1:37  Probe  
  22  1:40  Pylon  
  22  1:49  Probe  
  23  2:06  Warp Gate  
  23  2:07  Sentry, Stalker  
  27  2:25  Nexus  
  27  2:37  Pylon  
  27  2:40  Stalker  
  30  2:45  Phoenix  
  30  2:48  Stalker  
  31  2:51  Probe  
  32  3:00  Probe  
  32  3:05  Forge  
  33  3:09  Probe  
  34  3:17  Probe  
  34  3:25  Probe  
  36  3:34  Robotics Facility  
  36  3:36  Probe  
  36  3:39  Probe  
  40  3:43  Shield Battery  
  38  3:48  Probe  
  39  3:57  Shield Battery  
  39  3:59  Sentry x2  
  43  4:03  Protoss Ground Weapons Level 1  
  43  4:12  Pylon  
  42  4:19  Pylon  
  42  4:21  Pylon, Immortal  
  46  4:40  Zealot x2  
  50  4:51  Shield Battery x2  
  48  5:01  Immortal  
  44  5:07  Sentry  
  44  5:08  Zealot  
  52  5:22  Gateway  
  52  5:30  Zealot  
  54  5:41  Gateway  
  55  5:44  Phoenix  
  46  5:58  Immortal  
  46  6:01  Zealot  
  52  6:29  Warp Prism  
  52  6:30  Nexus  
  52  6:38  Probe  
  55  6:55  Zealot x2  
  55  6:56  Zealot  
  49  7:23  Zealot x3  
  49  7:25  Probe  
  56  7:38  Probe  
  57  7:46  Twilight Council  
  57  7:50  Probe  
  59  8:07  Pylon, Assimilator  
  59  8:11  Assimilator  
Tags
 
Add a new tag
Caveats
  • Supply blocks, unpowered buildings, or Contaminate may cause inaccurate times.
  • Supply counts are checked every 10 seconds.